 Dungeon Crawl Stone Soup version 0.31-a0-1325-g33de52b (webtiles) character file.

Game seed: 489420745246685969

136 edsrzf the Conjurer (level 5, -3/31 HPs)
             Began as an Octopode Hedge Wizard on Dec 20, 2023.
             Slain by a gnoll
             ... wielding a +0 club
             ... led by a gnoll sergeant
              (7 damage)
             ... on level 3 of the Dungeon.
             The game lasted 00:05:41 (2466 turns).

edsrzf the Conjurer (Octopode Hedge Wizard)         Turns: 2466, Time: 00:05:41

Health: -3/31      AC:  1    Str: 10    XL:     5   Next: 19%
Magic:  7/9        EV: 13    Int: 18    God:
Gold:   102        SH:  0    Dex: 11    Spells: 9/10 levels left

rFire   . . .        a - +0 dagger
rCold   . . .        (no shield)
rNeg    . . .        b - +0 hat
rPois   .            (no amulet)
rElec   .            (no ring)
rCorr   .            (no ring)
SInv    .            (no ring)
Will    .....        (no ring)
Stlth   +++          (no ring)
HPRegen 0.25/turn    (no ring)
MPRegen 0.11/turn    (no ring)
                     (no ring)

%: no passive effects
@: attractive
A: almost no armour, amphibious, 8 rings, camouflage 1, gelatinous body 1,
(nimble swimmer 1), tentacles
a: no special abilities


You were on level 3 of the Dungeon.
You visited 1 branch of the dungeon, and saw 3 of its levels.

You collected 102 gold pieces.

Inventory:

Hand Weapons
 a - a +0 dagger (weapon)
Missiles
 l - 3 poisoned darts
Armour
 b - a +0 hat (worn)
Scrolls
 d - a scroll of fear {unknown}
 e - 5 scrolls of identify {unknown}
 g - 2 scrolls of poison {unknown}
 i - a scroll of noise {unknown}
Potions
 c - a potion of magic
 f - a potion of degeneration {unknown}
 h - a potion of mutation {unknown}
 j - a potion of ambrosia {unknown}
 m - a potion of attraction


   Skills:
 - Level 2.0 Dodging
 - Level 2.6 Stealth
 - Level 3.0 Spellcasting
 + Level 4.9 Conjurations
 - Level 1.0 Summonings
 - Level 1.0 Translocations


You had 9 spell levels left.
You knew the following spells:

 Your Spells              Type           Power      Damage    Failure   Level
X - Magic Dart            Conj           80%        1d7       2%          1

Your spell library contained the following spells:

 Spells                   Type           Power      Damage    Failure   Level
 Summon Small Mammal      Summ           24%        N/A       11%         1
 Slow                     Hex            8%         N/A       16%         1
 Blink                    Tloc           12%        N/A       16%         2
 Call Imp                 Summ           12%        N/A       16%         2
 Cigotuvi's Dreadful Rot  Necr/Alch/Air  4%         N/A       24%         2
 Mephitic Cloud           Conj/Alch/Air  8%         N/A       26%         3
 Call Canine Familiar     Summ           6%         N/A       32%         3
 Summon Guardian Golem    Hex/Summ       4%         N/A       36%         3


Dungeon Overview and Level Annotations

Branches:
Dungeon (3/15)

Altars:
Fedhas

Shops:
D:1 (


Innate Abilities, Weirdness & Mutations

You cannot wear most types of armour.
You are amphibious.
You can wear up to eight rings at the same time.
Your skin changes colour to match your surroundings (Stealth+).
Your rubbery body absorbs attacks. (AC +1, EV +1)
((You are camouflaged when in or above water. (Stealth+)))
You have tentacles for arms and can constrict up to eight enemies at once.


Message History

There is an open door here.
You open the door.
Found a stone staircase leading down.
You now have 102 gold pieces (gained 5).
You open the door.
There is an open door here.
A gnoll comes into view. It is wielding a +0 whip.
Found 11 gold pieces.
Casting: Magic Dart (safe; 2% risk of failure)
Confirm with . or Enter, or press ? or * to list all spells.
The magic dart hits the gnoll.
The gnoll is lightly wounded.
The gnoll shouts!
You hear a shout! x2
A gnoll comes into view. It is wielding a +0 whip.
A gnoll sergeant comes into view. It is wielding a +0 trident.
The gnoll shouts!
Casting: Magic Dart (safe; 2% risk of failure)
Confirm with . or Enter, or press ? or * to list all spells.
The magic dart hits the gnoll.
The gnoll is lightly wounded.
The gnoll sergeant shouts!
A hound comes into view.
A gnoll comes into view. It is wielding a +0 halberd.
There is an open door here.
Casting: Magic Dart (safe; 2% risk of failure)
Confirm with . or Enter, or press ? or * to list all spells.
The magic dart hits the gnoll.
The gnoll is moderately wounded.
A gnoll comes into view. It is wielding a +0 club.
You hit the gnoll. You grab the gnoll. You squeeze the gnoll.
The gnoll is severely wounded.
You constrict the gnoll, but do no damage.
The gnoll barely misses you.
Casting: Magic Dart (safe; 2% risk of failure)
Confirm with . or Enter, or press ? or * to list all spells.
Okay, then.
You hit the gnoll but do no damage. You squeeze the gnoll.
The gnoll is almost dead.
You constrict the gnoll. The gnoll hits you with a +0 whip.
Casting: Magic Dart (safe; 2% risk of failure)
Confirm with . or Enter, or press ? or * to list all spells.
You don't know that spell.
You constrict the gnoll, but do no damage.
The gnoll hits you with a +0 whip.
You hit the gnoll but do no damage.
The gnoll is almost dead.
You constrict the gnoll.
You kill the gnoll!
You closely miss the hound. Your grab misses the hound. You squeeze the hound.
The hound is moderately wounded.
The hound bites you. The hound closely misses you.
You hit the hound but do no damage. You grab the hound. You squeeze the hound.
The hound is heavily wounded.
You constrict the hound, but do no damage.
The hound misses you.
You barely miss the hound.
The hound is heavily wounded.
You constrict the hound. The hound bites you. x2
It was a potion of curing.
You feel better.
You constrict the hound, but do no damage.
The hound bites you.
A gnoll comes into view. It is wielding a +0 flail.
The gnoll shouts!
You hit the hound but do no damage. Your squeeze misses the hound.
The hound is heavily wounded.
You constrict the hound. The hound bites you. The hound barely misses you.
You hit the hound.
The hound is severely wounded.
You constrict the hound. The hound closely misses you.
You barely miss the hound.
The hound is almost dead.
You constrict the hound. The hound bites you.
* * * LOW HITPOINT WARNING * * *
The hound completely misses you.
You feel better.
You constrict the hound.
You kill the hound!
You have reached level 5!
You feel stronger.
You hit the gnoll. You grab the gnoll.
The gnoll is lightly wounded.
You constrict the gnoll, but do no damage.
The gnoll barely misses you. The gnoll sergeant closely misses you.
You hit the gnoll.
The gnoll is moderately wounded.
You constrict the gnoll. The gnoll hits you with a +0 club.
The gnoll sergeant closely misses you.
Casting: Magic Dart (safe; 2% risk of failure)
Confirm with . or Enter, or press ? or * to list all spells.
Okay, then.
You hit the gnoll but do no damage.
The gnoll is heavily wounded.
You constrict the gnoll. The gnoll hits you with a +0 club.
The gnoll sergeant hits you from afar with a +0 trident!
* * * LOW HITPOINT WARNING * * *
Okay, then.
Okay, then.
It was a potion of attraction.
You feel attractive to monsters.
You constrict the gnoll. The gnoll hits you with a +0 club!
You die...

#.>.. #... #.. . #.#+## ..
#####...## g.. ##
##........## .g..
#.###..........## .....
...#...#+#......####g.....
......8# #8.....@gggg....$
...#.### ###....####......
.. #.''+ +...## ..... .
#.### #..## #... #..8#
8..## .# ####...#+#...# #
............#
.####...###.######
..####.####.......


You could see a gnoll sergeant and 4 gnolls.

Vanquished Creatures
  A hound (D:3)
  A gnoll (D:3)
  3 adders (D:3)
  2 worms (D:3)
  2 dart slugs (D:1)
  An orc (D:3)
  2 endoplasms (D:1)
  3 giant cockroaches
  4 goblins
  8 hobgoblins
  4 jackals (D:1)
  6 kobolds
  3 quokkas (D:1)
  4 ball pythons
  5 bats
  7 rats
56 creatures vanquished.

Notes
Turn   | Place    | Note
-------+----------+-------------------------------------------
     0 | D:1      | edsrzf the Octopode Hedge Wizard began the quest for the
                  | Orb.
     0 | D:1      | Reached XP level 1. HP: 11/11 MP: 4/4
   143 | D:1      | Reached skill level 2 in Conjurations
   143 | D:1      | Reached XP level 2. HP: 9/17 MP: 4/6
   450 | D:1      | Found Fatuywih's Antique Weapon Shop.
   657 | D:1      | Reached XP level 3. HP: 21/21 MP: 4/7
   701 | D:1      | Reached skill level 3 in Conjurations
  1893 | D:3      | Reached XP level 4. HP: 18/27 MP: 8/8
  1997 | D:3      | Reached skill level 4 in Conjurations
  2203 | D:3      | Found a blossoming altar of Fedhas.
  2446 | D:3      | Noticed a gnoll sergeant
  2458 | D:3      | Identified 2 potions of curing
  2463 | D:3      | Reached XP level 5. HP: 19/31 MP: 6/9
  2466 | D:3      | Identified 2 potions of attraction
  2466 | D:3      | Slain by a gnoll

Illustrated notes

Levels and vault maps discovered:
D:1:      dpeg_arrival_prison, layout_basic, serial_shops,
          nicolae_shop_overgrown_old_shop, kennysheep_pointless_box
D:2:      layout_rooms
D:3:      layout_loops_corners, mainiacjoe_overflow_paths, serial_shops,
          nicolae_shop_real_fake_doors, reono_crystal_passage

Skill      XL: |  1  2  3  4 |
---------------+-------------+-----
Conjurations   | 2 3 4 |  4.9
Dodging        | |  2.0
Stealth        | |  2.6
Spellcasting   | |  3.0
Summonings     | |  1.0
Translocations | |  1.0

Action                     |  1- 3 |  4- 6 || total
---------------------------+-------+-------++-------
  Melee: Dagger            |    52 |    24 ||    76
         Constrict         |    15 |     7 ||    22
         Tentacles         |    13 |     6 ||    19
         Punch             |     1 |       ||     1
   Cast: Magic Dart        |    53 |    25 ||    78
    Use: Potion            |       |     3 ||     3
   Stab: Sleeping          |     7 |     1 ||     8
 Armour: Skin              |    17 |    23 ||    40
  Dodge: Dodged            |    25 |    11 ||    36

Table legend: (Time is in decaauts)
 A = Elapsed time spent in this place.
 B = Non-inter-level travel time spent in this place.
 C = Inter-level travel time spent in this place.
 D = Time resting spent in this place.
 E = Time spent auto-exploring this place.
 F = Levels seen in this place.
 G = Mean time per level.
                   A        B        C        D        E       F      G
               +--------+--------+--------+--------+--------+-----+--------+
         Total |   2465 |   2439 |     26 |    230 |   1860 |   3 |  821.7 |
       Dungeon |   2465 |   2439 |     26 |    230 |   1860 |   3 |  821.7 |
               +--------+--------+--------+--------+--------+-----+--------+

Top non-repeatable levels by time:
     D:1: 1293 daAuts
     D:3: 688 daAuts
     D:2: 483 daAuts
